Description

Useful build order. Nothing more.

Replay - AlexUA v Zelos - Abyssal Reef LE

Build Order

Get SALT Encoding   

  12  0:01  Probe (Chrono Boost)  
  13  0:11  Probe (Chrono Boost)  
  14  0:19  Pylon  
  14  0:22  Probe (Chrono Boost)  
  15  0:37  Probe (Chrono Boost)  
  15  0:42  Gateway  
  16  0:44  Assimilator  
  16  0:48  Probe (Chrono Boost)  
  17  0:59  Probe (Chrono Boost)  
  17  1:02  Assimilator  
  18  1:10  Probe (Chrono Boost)  
  19  1:11  Gateway  
  19  1:20  Probe (Chrono Boost)  
  20  1:31  Cybernetics Core  
  20  1:37  Pylon  
  20  1:42  Probe (Chrono Boost)  
  21  1:50  Zealot  
  23  1:56  Probe (Chrono Boost)  
  25  2:10  Twilight Council  
  25  2:13  Warp Gate (Chrono Boost)  
  25  2:33  Stalker  
  25  2:35  Pylon  
  27  2:48  Charge (Chrono Boost), Dark Shrine  
  27  2:57  Gateway  
  27  3:07  Gateway  
  27  3:29  Pylon  
  27  3:47  Gateway  
  27  4:04  Dark Templar x3  
  27  4:08  Zealot  
  33  4:23  Pylon  
  33  4:38  Dark Templar  
  33  4:39  Zealot x3  
  40  4:54  Dark Templar  
  42  5:08  Zealot x3  
  48  5:15  Archon, Dark Templar  
  48  5:20  Archon  
  50  5:28  Zealot x2  
  56  5:52  Dark Templar x2  
Spawning Tool Build Advisor. Get it on Overwolf

Go to:

Details

  • Created by: GrimlokFox
  • Published on: Jul 27, 2019
  • Modified on: Jul 27, 2019
  • Patch: 3.15.0
Show
View Real Time Build Order
Export as new Build Order

Comments (0)

There are no comments. Be the first!

Create an account to comment!